Selects Airborne Battlegroup
Selects Heavy Machine Gun Paradrop
Heavy Machine Gun Paradrop
Mechanized Support Center
Selects Paratrooper Squad Paradrop
Paratrooper Squad Paradrop
Designate Forward Repair Station
M3 75 mm Gun Motor Carriage
Paratrooper Squad Paradrop
M3 75 mm Gun Motor Carriage
Paratrooper Squad Paradrop
Selects Carpet Bombing Run
M3 75 mm Gun Motor Carriage
Paratrooper Squad Paradrop
Paratrooper Squad Paradrop